 Dungeon Crawl Stone Soup version 0.26.1-11-gd32895ea62 (webtiles) character file.

Game seed: 17316908289031743486

48 nightchill the Skirmisher (level 3, -1/24 HPs)
             Began as a Gargoyle Fighter on Apr 13, 2021.
             Was an Initiate of Elyvilon.
             Slain by Grinder (5 damage)
             ... while paralysed by Grinder
             ... on level 3 of the Dungeon.
             The game lasted 00:02:11 (2210 turns).

nightchill the Skirmisher (Gargoyle Fighter)        Turns: 2210, Time: 00:02:12

Health: -1/24      AC: 10    Str: 19    XL:     3   Next: 72%
Magic:  3/3        EV:  2    Int:  9    God:    Elyvilon [......]
Gold:   119        SH:  0    Dex:  9    Spells: 2/2 levels left

rFire    . . .     SeeInvis .   a - +0 flail
rCold    . . .     Faith    .   c - +0 kite shield
rNeg     + . .     Spirit   .   b - +0 scale mail
rPois    ∞         Reflect  .   (no helmet)
rElec    +         Harm     .   (no cloak)
rCorr    .         Rampage  .   (no gloves)
Will     .....                  (no boots)
Stlth    ..........             (no amulet)
HPRegen  0.08/turn              (no ring)
MPRegen  0.08/turn              (no ring)

@: paralysed
A: negative energy resistance 1, electricity resistance, unbreathing,
petrification resistance, miasma immunity, AC +3
a: Renounce Religion


You were on level 3 of the Dungeon.
You worshipped Elyvilon.
Elyvilon was noncommittal.
You visited 1 branch of the dungeon, and saw 3 of its levels.

You collected 119 gold pieces.

Inventory:

Hand Weapons
 a - a +0 flail (weapon)
Armour
 b - a +0 scale mail (worn)
 c - a +0 kite shield (worn)
Scrolls
 e - 2 scrolls of remove curse {unknown}
 g - a scroll of enchant armour {unknown}
 h - a scroll of magic mapping {unknown}
 k - 3 scrolls of identify {unknown}
Potions
 d - a potion of might
 f - a potion of degeneration {unknown}
 i - 2 potions of curing {unknown}
 j - a potion of mutation {unknown}


   Skills:
 + Level 3.9 Fighting
 * Level 3.4 Maces & Flails
 - Level 3.2 Armour
 - Level 3.2 Shields
 + Level 0.1 Invocations


You had 2 spell levels left.
You didn't know any spells.
Your spell library was empty.

Dungeon Overview and Level Annotations

Branches:
Dungeon (3/15)

Altars:
Elyvilon

Annotations:
D:3 Grinder


Innate Abilities, Weirdness & Mutations

You are resistant to torment.
Your stone body is resilient. (AC +3)
You are immune to poison.
You resist negative energy. (rN+)
You are resistant to electric shocks. (rElec)
You can survive without breathing.
You are immune to petrification.
You are immune to miasma.


Message History

You suddenly lose the ability to move!
The bat hits you but does no damage. The goblin hits you with a +3 dagger.
The goblin hits you. Grinder hits you.
* * * LOW HITPOINT WARNING * * *
You writhe in agony.
* * * LOW HITPOINT WARNING * * *
The bat hits you but does no damage. x2
The goblin hits you but does no damage. The goblin hits you.
* * * LOW HITPOINT WARNING * * *
Grinder hits you but does no damage. The bat hits you.
* * * LOW HITPOINT WARNING * * *
The goblin hits you but does no damage. x2
Grinder hits you but does no damage. The bat hits you but does no damage.
The frilled lizard bites you but does no damage.
The goblin hits you but does no damage. The goblin hits you.
* * * LOW HITPOINT WARNING * * *
Grinder hits you.
You die...

.....[.. ....
........## ....
.........# .#.#.
........##....#
######............#
.....$##.##........
...#.....blg......
#.......5@g......
###.[............
#††...........$
#.<..$....##...
#..................
#####........#.#. .
#..........# .
#.....<...#.
#...........


You could see Grinder, 2 goblins, a bat and a frilled lizard.

Vanquished Creatures
  A worm (D:2)
  4 giant cockroaches
  5 goblins
  6 hobgoblins
  A quokka (D:2)
  6 bats
  3 frilled lizards (D:1)
  10 kobolds
  8 rats
44 creatures vanquished.

Notes
Turn   | Place    | Note
-------+----------+-------------------------------------------
     0 | D:1      | nightchill the Gargoyle Fighter began the quest for the
                  | Orb.
     0 | D:1      | Reached XP level 1. HP: 14/14 MP: 1/1
   289 | D:1      | Reached XP level 2. HP: 19/19 MP: 2/2
   663 | D:1      | Reached XP level 3. HP: 24/24 MP: 3/3
  1322 | D:2      | Found a white marble altar of Elyvilon.
  1335 | D:2      | Became a worshipper of Elyvilon the Healer
  2195 | D:3      | Noticed Grinder
  2206 | D:3      | Paralysed by Grinder for 6 turns
  2210 | D:3      | Slain by Grinder

Illustrated notes

Levels and vault maps discovered:
D:1:      nzn_arrival_water_spiral, layout_loops_ring,
          kennysheep_decorative_pillar
D:2:      layout_basic, kennysheep_crisscross, elyvilon_altar_1
D:3:      minmay_chambers_of_twos, layout_rooms, uniq_sigmund, uniq_ijyb,
          uniq_grinder

Skill      XL: |  1  2 |
---------------+-------+-----
Maces & Flails | 3 |  3.4
Fighting       | |  3.9
Armour         | |  3.2
Shields        | |  3.2
Invocations    | |  0.1

Action                   || total
-------------------------++-------
Melee: Flail             ||   152
Armor: Scale mail        ||    91
Dodge: Dodged            ||    46
Block: Kite shield       ||    82
